 Dungeon Crawl Stone Soup version 0.32-a0-612-g1c984fe9d1 (webtiles) character file.

Game seed: 12396416604019284643

990 Elsrick the Chopper (level 7, 0/60 HPs)
             Began as a Mountain Dwarf Fighter on Mar 5, 2024.
             Slain by a gnoll sergeant
             ... wielding a +4 trident of freezing
              (4 damage)
             ... on level 6 of the Dungeon.
             The game lasted 00:14:09 (5097 turns).

Elsrick the Chopper (Mountain Dwarf Fighter)        Turns: 5097, Time: 00:14:10

Health: 0/60       AC:  7    Str: 21    XL:     7   Next: 98%
Magic:  7/7        EV: 10    Int:  8    God:
Gold:   222        SH:  4    Dex:  9    Spells: 6/6 levels left

rFire   + . .        y - +3 hand axe (heavy)
rCold   . . .        c - +0 buckler
rNeg    . . .        b - +0 scale mail
rPois   .            (no helmet)
rElec   .            (no cloak)
rCorr   .            (no gloves)
SInv    .            (no boots)
Will    .....        (no amulet) Stlth
                     i - ring of protection from fire
HPRegen 0.30/turn    (no ring)
MPRegen 0.10/turn

%: no passive effects
@: no status effects
A: runic magic, artefact enchanting
a: no special abilities


You were on level 6 of the Dungeon.
You visited 1 branch of the dungeon, and saw 6 of its levels.

You collected 294 gold pieces.
You spent 72 gold pieces at shops.

Inventory:

Hand Weapons
 a - a +0 war axe
 w - a +2 falchion of freezing
 y - a +3 heavy hand axe (weapon)
Missiles
 p - 3 poisoned darts (quivered)
 r - 6 atropa-tipped darts
Armour
 b - a +0 scale mail (worn)
 c - a +0 buckler (worn)
Magical Staves
 f - a staff of alchemy
Jewellery
 i - a ring of protection from fire (left hand)
 o - a ring of flight
 v - a ring of positive energy
Wands
 m - a wand of polymorph (14)
 n - a wand of flame (18)
 z - a wand of paralysis (11)
Scrolls
 d - a scroll of enchant weapon
 e - a scroll of amnesia
 k - a scroll of vulnerability {unknown}
 q - a scroll of fog {unknown}
 A - a scroll of teleportation {unknown}
Potions
 g - a potion of berserk rage
 h - 2 potions of lignification
 j - a potion of degeneration {unknown}
 l - a potion of haste {unknown}
 s - a potion of curing
 u - 2 potions of enlightenment
 x - a potion of brilliance {unknown}


   Skills:
 + Level 4.9 Fighting
 + Level 7.4 Axes
 + Level 0.4 Throwing
 + Level 5.8 Armour
 + Level 2.0 Dodging
 + Level 0.1 Stealth
 + Level 4.4 Shields


You had 6 spell levels left.
You didn't know any spells.
Your spell library contained the following spells:

 Spells                   Type           Power      Damage    Failure   Level
 Apportation              Tloc           0%         N/A       54%         1
 Call Imp                 Summ           0%         N/A       69%         2
 Jinxbite                 Hex            0%         N/A       69%         2
 Lesser Beckoning         Tloc           0%         N/A       69%         2
 Sublimation of Blood     Necr           0%         N/A       69%         2
 Gell's Gravitas          Tloc           0%         N/A       89%         3
 Teleport Other           Tloc           0%         N/A       89%         3
 Alistair's Intoxication  Alch           0%         N/A       100%        5
 Summon Hydra             Summ           0%         N/A       100%        7


Dungeon Overview and Level Annotations

Branches:
Dungeon (6/15)
 Temple: D:4-7

Altars:

Shops:
D:3 =   D:6 ?


Innate Abilities, Weirdness & Mutations

Your spellcasting is much less encumbered by armour.
You can use scrolls of enchantment on lesser artefacts.


Message History

The gnoll shouts! x3
A gnoll comes into view. It is wielding a +0 flail.
There is a stone staircase leading up here.
The gnoll barely misses you.
You slash the gnoll!
The gnoll is severely wounded.
The gnoll hits you with a +0 halberd. The gnoll misses you.
The gnoll hits you with a +0 club.
You barely miss the gnoll.
The gnoll is severely wounded.
You hit the gnoll. You block the gnoll's attack.
You closely miss the gnoll.
The gnoll is severely wounded.
You barely miss the gnoll. You slash the gnoll!
You kill the gnoll!
You block the gnoll's attack. The gnoll hits you but does no damage.
The gnoll completely misses you. The gnoll hits you with a +0 club.
You slash the gnoll!
You kill the gnoll!
You closely miss the gnoll. You block the gnoll's attack.
You barely miss the gnoll.
The gnoll is severely wounded.
The gnoll completely misses you. The gnoll hits you with a +0 halberd.
A gnoll sergeant comes into view.
It is wielding a +4 trident of freezing.
You hit the gnoll but do no damage.
The gnoll is severely wounded.
The gnoll hits you with a +0 halberd!
You slash the gnoll!
You kill the gnoll!
A gnoll comes into view. It is wielding a +0 whip.
The gnoll shouts!
The gnoll sergeant hits you from afar with a +4 trident of freezing!
The gnoll sergeant freezes you.
* * * LOW HITPOINT WARNING * * *
There is a stone staircase leading up here.
You hear the brisk hiss of a very distant avalanche of sand.
The gnoll sergeant hits you from afar with a +4 trident of freezing!
* * * LOW HITPOINT WARNING * * *
The gnoll sergeant freezes you.
You die...

#.....#..........#...#
#.....#..........#...#
#.....#..........#...#
#...###...##.##.##..##
#...###...##.##.##..#
#...................#
#...................# ...
#...................# ....
#....g..gg.@.)).....#.....
#.............).....#.....
##+######+#####..####.....
##.....####..#.....#
............†'.....#
......g......#.....#
g........g...#.....+
......g......#.....#
##+##..#######.....#


You could see a gnoll sergeant and 2 gnolls.

Vanquished Creatures
  An ogre (D:4)
  4 killer bees (D:6)
  3 bombardier beetles (D:5)
  2 hounds
  A jelly (D:4)
  A gnoll bouda (D:5)
  Crazy Yiuf (D:2)
  Jessica (D:2)
  A sleepcap (D:5)
  3 iguanas
  Natasha (thrice) (D:2)
  An orc wizard (D:4)
  Robin (D:2)
  2 adders
  11 gnolls
  A white imp (D:5)
  4 ufetubi
  A dart slug (D:2)
  2 ribbon worms
  9 orcs
  5 endoplasms
  5 giant cockroaches
  8 hobgoblins
  2 jackals (D:3)
  7 quokkas
  5 ball pythons
  6 bats
  4 frilled lizards
  13 goblins
  5 kobolds
  6 rats
119 creatures vanquished.

Notes
Turn   | Place    | Note
-------+----------+-------------------------------------------
     0 | D:1      | Elsrick the Mountain Dwarf Fighter began the quest for the
                  | Orb.
     0 | D:1      | Reached XP level 1. HP: 19/19 MP: 1/1
   122 | D:1      | Reached XP level 2. HP: 24/26 MP: 2/2
   413 | D:1      | Reached skill level 3 in Axes
   883 | D:2      | Reached XP level 3. HP: 31/31 MP: 3/3
  1028 | D:2      | Found a faded altar of an unknown god.
  1068 | D:2      | Noticed Jessica
  1078 | D:2      | Killed Jessica
  1081 | D:2      | Noticed Robin
  1090 | D:2      | Killed Robin
  1091 | D:2      | Reached XP level 4. HP: 29/40 MP: 4/4
  1109 | D:2      | Reached skill level 4 in Axes
  1150 | D:2      | HP: 2/40 [iguana (10)]
  1588 | D:2      | Reached XP level 5. HP: 37/46 MP: 5/5
  1830 | D:2      | Noticed Natasha
  1834 | D:2      | Killed Natasha
  2020 | D:2      | Noticed Natasha
  2024 | D:2      | Killed Natasha
  2043 | D:2      | Noticed Natasha
  2049 | D:2      | Killed Natasha
  2050 | D:2      | Reached skill level 5 in Axes
  2050 | D:2      | Reached skill level 1 in Dodging
  2113 | D:2      | Found a runed translucent door.
  2114 | D:2      | Noticed Crazy Yiuf
  2126 | D:2      | Killed Crazy Yiuf
  2256 | D:3      | Reached XP level 6. HP: 50/53 MP: 6/6
  2321 | D:3      | Found Cuklalor's Jewellery Emporium.
  3471 | D:5      | Entered Level 5 of the Dungeon
  3636 | D:5      | Reached skill level 5 in Armour
  3636 | D:5      | Reached XP level 7. HP: 60/60 MP: 7/7
  3900 | D:5      | Reached skill level 6 in Axes
  4759 | D:6      | Reached skill level 7 in Axes
  4970 | D:6      | Found Alacvof's Magic Scroll Emporium.
  4978 | D:6      | Bought a scroll of identify for 24 gold pieces
  4978 | D:6      | Bought a scroll of identify for 24 gold pieces
  4978 | D:6      | Bought a scroll of identify for 24 gold pieces
  5097 | D:6      | Slain by a gnoll sergeant

Illustrated notes

Levels and vault maps discovered:
D:1:      dpeg_arrival_round_a, layout_basic
D:2:      layout_basic, shapermc_ecumenical_altar_mp_urbaneastern, uniq_robin,
          uniq_crazy_yiuf_cottage, uniq_jessica, uniq_natasha
D:3:      layout_basic, serial_shops, shop
D:4:      layout_cave_pools, serial_column_ruins, column_ruins_hut,
          column_ruins_grid_3, column_ruins_open_large, column_ruins_grid_4,
          column_ruins_open_tiny, kennysheep_generic_room_4
D:5:      layout_loops_corners
D:6:      layout_gridville, regret_index_temple_of_mockery, serial_shops, shop,
          enter_ossuary_5

Skill      XL: |  1  2  3  4  5  6  7 |
---------------+----------------------+-----
Axes           | 3 4 5 7 |  7.4
Shields        | 4 |  4.4
Fighting       | 4 |  4.9
Armour         | 4 5 |  5.8
Dodging        | 1 2 |  2.0
Throwing       | |  0.4
Stealth        | |  0.1

Action                     |  1- 3 |  4- 6 |  7- 9 || total
---------------------------+-------+-------+-------++-------
  Melee: War axe           |    87 |   202 |    25 ||   314
         Hand axe          |       |       |    69 ||    69
  Throw: Dart              |       |     2 |       ||     2
    Use: Potion            |     1 |       |     2 ||     3
         Scroll            |       |     2 |     7 ||     9
 Armour: Scale mail        |    67 |   149 |   116 ||   332
  Dodge: Dodged            |    56 |    79 |    79 ||   214
  Block: Buckler           |    18 |    38 |    28 ||    84

Table legend: (Time is in decaauts)
 A = Elapsed time spent in this place.
 B = Non-inter-level travel time spent in this place.
 C = Inter-level travel time spent in this place.
 D = Time resting spent in this place.
 E = Time spent auto-exploring this place.
 F = Levels seen in this place.
 G = Mean time per level.
                   A        B        C        D        E       F      G
               +--------+--------+--------+--------+--------+-----+--------+
         Total |   5231 |   5129 |    102 |    756 |   2879 |   6 |  871.8 |
       Dungeon |   5231 |   5129 |    102 |    756 |   2879 |   6 |  871.8 |
               +--------+--------+--------+--------+--------+-----+--------+

Top non-repeatable levels by time:
     D:5: 1397 daAuts
     D:2: 1355 daAuts
     D:1: 895 daAuts
     D:3: 762 daAuts
     D:4: 543 daAuts
     D:6: 276 daAuts
